 Dungeon Crawl Stone Soup version 0.32-a0-35-gd9ff480968 (webtiles) character file.

Game seed: 16225678145897403359

6 lunkers the Firebug (level 1, 0/16 HPs)
             Began as an Oni Fire Elementalist on Jan 23, 2024.
             Slain by a hobgoblin (4 damage)
             ... on level 1 of the Dungeon.
             The game lasted 00:00:53 (259 turns).

lunkers the Firebug (Oni Fire Elementalist)          Turns: 259, Time: 00:00:53

Health: 0/16       AC:  3    Str: 11    XL:     1   Next: 90%
Magic:  0/4        EV:  9    Int: 16    God:
Gold:   32         SH:  0    Dex:  9    Spells: 4/5 levels left

rFire   . . .        (no weapon)
rCold   + . .        (no shield)
rNeg    . . .        a - +0 robe
rPois   .            (helmet restricted)
rElec   .            (no cloak)
rCorr   .            (gloves unavailable)
SInv    .            (boots unavailable)
Will    .....        (no amulet)
Stlth   +            d - ring of protection from cold
HPRegen 0.22/turn    (no ring)
MPRegen 0.09/turn

%: no passive effects
@: very slightly contaminated
A: large, unfitting armour, horns 1, tough skin 1, double potion healing,
drunken brawling
a: no special abilities


You were on level 1 of the Dungeon.
You visited 1 branch of the dungeon, and saw 1 of its levels.

You collected 32 gold pieces.

Inventory:

Armour
 a - a +0 robe (worn)
Jewellery
 d - a ring of protection from cold (left hand)
Potions
 b - a potion of magic
 c - a potion of berserk rage {unknown}


   Skills:
 - Level 1.7 Dodging
 - Level 1.4 Stealth
 + Level 2.5 Spellcasting
 * Level 1.2 Conjurations
 * Level 2.8 Fire Magic


You had 4 spell levels left.
You knew the following spells:

 Your Spells              Type           Power      Damage    Failure   Level
p - Foxfire               Conj/Fire      32%        2x1d5     9%          1

Your spell library contained the following spells:

 Spells                   Type           Power      Damage    Failure   Level
 Scorch                   Fire           22%        2d5       9%          2
 Inner Flame              Hex/Fire       6%         N/A       32%         3
 Volatile Blastmotes      Fire/Tloc      12%        2d11      32%         3
 Flame Wave               Conj/Fire      8%         2d5       63%         4


Dungeon Overview and Level Annotations

Branches:
Dungeon (1/15)

Altars:


Innate Abilities, Weirdness & Mutations

You are too large for most types of armour.
You have a pair of small horns on your head.
You have tough skin. (AC +1)
You gain doubled healing and magic from potions.
Whenever you drink a healing potion, you attack all around you.


Message History

Adjust to which letter? p - Foxfire You barely miss the hobgoblin.
You headbutt the hobgoblin, but do no damage.
The hobgoblin barely misses you.
You hit the hobgoblin but do no damage. The hobgoblin barely misses you.
You hit the hobgoblin but do no damage. The hobgoblin hits you.
You hit the hobgoblin.
The hobgoblin is moderately wounded.
The hobgoblin hits you.
You completely miss the hobgoblin. You headbutt the hobgoblin.
The hobgoblin is heavily wounded.
The hobgoblin hits you but does no damage.
Your magical contamination has completely faded away.
You closely miss the hobgoblin.
The hobgoblin is heavily wounded.
The hobgoblin hits you.
You closely miss the hobgoblin.
The hobgoblin is heavily wounded.
The hobgoblin hits you.
* * * LOW HITPOINT WARNING * * *
Casting: Foxfire (safe; 9% risk of failure)
Press: ? - help, Q - select action Dir - look around, f - activate You miscast Foxfire.
You are very lightly contaminated with residual magic.
Nothing appears to happen.
* * * LOW MAGIC WARNING * * *
The hobgoblin hits you.
* * * LOW HITPOINT WARNING * * *
You hit the hobgoblin. Your headbutt misses the hobgoblin.
The hobgoblin is severely wounded.
The hobgoblin barely misses you.
You hit the hobgoblin but do no damage.
The hobgoblin is severely wounded.
The hobgoblin hits you.
* * * LOW HITPOINT WARNING * * *
You hit the hobgoblin but do no damage.
The hobgoblin is severely wounded.
The hobgoblin hits you.
You die...

#.#..# #.......+ #.##.##
#.|.....# #.##..##
#.......#
#.###..######.......####
#.# ##..#...............
#.# ##...†.............
#.# ##.....†..........
#.# #...........)....
..# #........@g......
### ##.>.....?#######
##+#######


You could see a hobgoblin.

Vanquished Creatures
  A dart slug (D:1)
  A hobgoblin (D:1)
  A bat (D:1)
  A frilled lizard (D:1)
  A rat (D:1)
5 creatures vanquished.

Vanquished Creatures (others)
  12 foxfires (D:1)
12 creatures vanquished.

Grand Total: 17 creatures vanquished

Notes
Turn   | Place    | Note
-------+----------+-------------------------------------------
     0 | D:1      | lunkers the Oni Fire Elementalist began the quest for the
                  | Orb.
     0 | D:1      | Reached XP level 1. HP: 16/16 MP: 3/3
    76 | D:1      | Reached skill level 1 in Conjurations
   259 | D:1      | Slain by a hobgoblin

Illustrated notes

Levels and vault maps discovered:
D:1:      saegor_arrival_simple_c, layout_basic

Skill      XL: |  1 |
---------------+----+-----
Conjurations   | 1 |  1.2
Dodging        | |  1.7
Stealth        | |  1.4
Spellcasting   | |  2.5
Fire Magic     | |  2.8

Action                     || total
---------------------------++-------
  Melee: Unarmed           ||    15
         Headbutt          ||     3
   Cast: Foxfire           ||     6
 Armour: Robe              ||    11
  Dodge: Dodged            ||     7

Table legend: (Time is in decaauts)
 A = Elapsed time spent in this place.
 B = Non-inter-level travel time spent in this place.
 C = Inter-level travel time spent in this place.
 D = Time resting spent in this place.
 E = Time spent auto-exploring this place.
 F = Levels seen in this place.
 G = Mean time per level.
                   A        B        C        D        E       F      G
               +--------+--------+--------+--------+--------+-----+--------+
         Total |    258 |    258 |      0 |      0 |    207 |   1 |  258.0 |
       Dungeon |    258 |    258 |      0 |      0 |    207 |   1 |  258.0 |
               +--------+--------+--------+--------+--------+-----+--------+

Top non-repeatable levels by time:
     D:1: 258 daAuts
